 Dungeon Crawl Stone Soup version 0.29.1-15-g9cfb28693d (webtiles) character file.

Game seed: 4382413967969020363

4817 CatalinOSBI the Reanimator (level 10, 0/53 HPs)
             Began as a Deep Elf Necromancer on Apr 4, 2023.
             Was a Follower of Vehumet.
             Slain by an eight-headed hydra (7 damage)
             ... on level 8 of the Dungeon.
             The game lasted 01:18:53 (14983 turns).

CatalinOSBI the Reanimator (Deep Elf Necromancer)  Turns: 14983, Time: 01:18:54

Health: 0/53       AC: 13    Str:  9    XL:     10   Next: 24%
Magic:  25/25      EV: 12    Int: 25    God:    Vehumet [*.....]
Gold:   324        SH:  0    Dex: 15    Spells: 9/27 levels left

rFire   . . .      SeeInvis .   f - staff of death
rCold   . . .      Faith    .   (no shield)
rNeg    + . .      Spirit   .   a - +2 robe
rPois   .          Reflect  .   c - +2 helmet
rElec   .          Harm     .   m - +2 cloak
rCorr   .          Rampage  .   (no gloves)
Will    +....                   h - +2 pair of boots
Stlth   ++........              (no amulet)
HPRegen 0.17/turn               n - +6 ring of strength
MPRegen 0.19/turn               y - ring of wizardry

@: sluggish, animating dead, very slow
A: weak 1
a: Renounce Religion


You were on level 8 of the Dungeon.
You worshipped Vehumet.
Vehumet was aware of your devotion.
You visited 2 branches of the dungeon, and saw 9 of its levels.

You collected 324 gold pieces.

Inventory:

Hand Weapons
 e - a +0 dagger
 q - a +0 short sword
 v - a +1 dagger of pain
Missiles
 s - 17 poisoned darts
Armour
 a - a +2 robe (worn)
 c - a +2 helmet (worn)
 h - a +2 pair of boots (worn)
 k - a +0 kite shield
 m - a +2 cloak (worn)
 x - a +0 hat
Magical Staves
 f - a staff of death (weapon)
Jewellery
 n - a +6 ring of strength (left hand)
 y - a ring of wizardry (right hand)
Wands
 r - a wand of iceblast (13)
Scrolls
 g - 3 scrolls of amnesia
 j - 2 scrolls of identify
 p - a scroll of silence
 t - 3 scrolls of enchant armour
Potions
 b - 2 potions of magic
 d - 2 potions of curing
 i - 2 potions of haste
 l - a potion of resistance
 o - a potion of heal wounds
 u - a potion of ambrosia {unknown}
 z - 2 potions of might {unknown}


   Skills:
 - Level 2.0 Fighting
 - Level 2.4 Dodging
 - Level 2.4 Stealth
 + Level 9.0 Spellcasting
 * Level 14.7 Necromancy
 - Level 5.1 Air Magic
 + Level 3.1 Poison Magic


You had 9 spell levels left.
You knew the following spells:

 Your Spells              Type           Power      Damage    Failure   Level
a - Necrotise             Necr           100%       1d9       0%          1
b - Vampiric Draining     Necr           91%        2d12      1%          3
c - Animate Dead          Necr           91%        N/A       1%          4
d - Shock                 Conj/Air       96%        1d9       1%          1
e - Swiftness             Air            36%        N/A       1%          3
f - Poisonous Vapours     Pois/Air       62%        N/A       1%          2
g - Airstrike             Air            18%        2d(3-19)  2%          4

Your spell library contained the following spells:

 Spells                   Type           Power      Damage    Failure   Level
 Freeze                   Ice            44%        1d6       2%          1
 Sting                    Tmut/Pois      76%        1d6       1%          1
 Agony                    Necr           91%        N/A       1%          5
 Summon Small Mammal      Summ           44%        N/A       2%          1
 Call Canine Familiar     Summ           11%        N/A       6%          3
 Summon Guardian Golem    Hex/Summ       11%        N/A       6%          3
 Olgreb's Toxic Radiance  Pois           27%        N/A       6%          4
 Summon Lightning Spire   Summ/Air       24%        N/A       8%          4
 Storm Form               Tmut/Air       12%        N/A       99%         7
 Maxwell's Capacitive Co  Air            18%        ∞         100%        8


Dungeon Overview and Level Annotations

Branches:
Dungeon (8/15)             Temple (1/1) D:4
   Lair: D:8-11

Altars:
Ashenzari
Cheibriados
Dithmenos
Elyvilon
Fedhas
Gozag
Hepliaklqana
Kikubaaqudgha
Makhleb
Nemelex Xobeh
Okawaru
Qazlal
Ru
Sif Muna
Trog
Uskayaw
Vehumet
Wu Jian
Xom
Yredelemnul
Zin
The Shining One

Shops:
D:7 *   D:8 =


Innate Abilities, Weirdness & Mutations

You are weak. (Str -2)


Message History

The orc is heavily wounded.
Casting: Shock (safe; 1% risk of failure)
Confirm with . or Enter, or press ? or * to list all spells.
You feel quick. The eight-headed hydra bites you!
The eight-headed hydra bites you but does no damage.
The eight-headed hydra bites you. x2
The eight-headed hydra bites you but does no damage.
The eight-headed hydra bites you.
The eight-headed hydra bites you but does no damage. x2
You start to feel a little slower.
Found a scroll of magic mapping.
You feel sluggish.
You feel better.
You start to feel a little faster.
The eight-headed hydra misses you. The eight-headed hydra bites you.
The eight-headed hydra bites you but does no damage.
The eight-headed hydra barely misses you.
The eight-headed hydra bites you.
The eight-headed hydra completely misses you.
The eight-headed hydra closely misses you.
The eight-headed hydra bites you.
There is a stone staircase leading down here.
Read: scroll of butterflies
Press: ? - help, Q - select action, (/) - cycle Dir - look around, f - activate Look: an eight-headed hydra
As you read the scroll of butterflies, it crumbles to dust.
You hear the tinkle of a tiny bell.
The eight-headed hydra bites you!
The eight-headed hydra bites you but does no damage.
The eight-headed hydra bites you!
* * * LOW HITPOINT WARNING * * *
The eight-headed hydra bites you.
* * * LOW HITPOINT WARNING * * *
The eight-headed hydra closely misses you.
The eight-headed hydra barely misses you.
The eight-headed hydra bites you but does no damage.
The eight-headed hydra bites you.
* * * LOW HITPOINT WARNING * * *
You swap places.
The eight-headed hydra bites you!
You die...

#.#.....)).....# #.#...#........
#.#.#..........#.#..#.#..#......
#.#.####.....#.#.#...∩...#......
#.#.# ###...#.#.#..#.#..#####.#
#.#.# #..)#.#.#.#...#.# #
#.#.#######....#b#.......#
#.#.##....)..b.#....##.#.##
#.#.##......b.b#.##........
..#[##.........b@##.#########
<.#.##.........#>Do.........#
.............#.####..######.#.#
..#........#.#.# #..# #.#.#
))########.#.#.# #..# #.#.# .))
#.#.# #..# #.#.# ...
#Z..#.####..######.#.# ....
#####.?........Do..#.## ##..
#.#.##..######.#..#


You could see an eight-headed hydra (ally target) and an orc.

Vanquished Creatures
  Gastronok (D:8)
  An ugly thing (D:7)
  Psyche (D:8)
  Prince Ribbit (D:5)
  A hornet (D:6)
  A slime creature (D:7)
  A wraith (D:7)
  A vampire mosquito (D:7)
  2 water moccasins (D:8)
  3 black bears
  2 ice beasts (D:7)
  2 ogres
  2 necrophages
  A bullfrog (D:6)
  6 scorpions
  2 jellies
  An orc priest (D:5)
  A gnoll bouda (D:8)
  7 iguanas
  4 orc wizards
  Robin (D:2)
  5 gnolls (D:8)
  6 adders
  A white imp (D:5)
  A worm (D:5)
  2 dart slugs
  14 orcs
  10 endoplasms
  4 giant cockroaches
  11 hobgoblins
  3 quokkas
  5 ball pythons
  9 bats
  A frilled lizard (D:1)
  15 goblins
  4 kobolds
  5 rats
138 creatures vanquished.

Vanquished Creatures (collateral kills)
  A kobold brigand (D:7)
  A scorpion (D:7)
  A hound (D:4)
  An orc priest (D:8)
  3 orc wizards (D:6)
  2 white imps
  A worm (D:4)
  8 orcs
  3 ball pythons
  5 kobolds (D:7)
26 creatures vanquished.

Vanquished Creatures (others)
  An elephant slug zombie (D:8)
  A water moccasin zombie (D:8)
  A black bear zombie (D:7)
  2 scorpion zombies
  An ogre zombie (D:7)
  An iguana zombie (D:6)
  A jelly zombie (D:6)
  5 gnoll zombies (D:8)
  3 orc zombies (D:5)
  A fungus (D:3)
17 creatures vanquished.

Grand Total: 181 creatures vanquished

Notes
Turn   | Place    | Note
-------+----------+-------------------------------------------
     0 | D:1      | CatalinOSBI the Deep Elf Necromancer began the quest for
                  | the Orb.
     0 | D:1      | Reached XP level 1. HP: 10/10 MP: 6/6
   111 | D:1      | Reached skill level 5 in Necromancy
   260 | D:1      | Reached XP level 2. HP: 15/15 MP: 6/8
   844 | D:1      | Reached XP level 3. HP: 19/19 MP: 8/10
   943 | D:1      | Found a faded altar of an unknown god.
  5001 | D:1      | Glimpsed the power of Zot.
  5163 | D:2      | Found a burning altar of Makhleb.
  5445 | D:2      | Noticed Robin
  5459 | D:2      | Reached skill level 6 in Necromancy
  5514 | D:2      | Killed Robin
  5830 | D:2      | Reached XP level 4. HP: 24/24 MP: 9/12
  6229 | D:3      | Learned a level 3 spell: Vampiric Draining
  6804 | D:3      | Reached skill level 7 in Necromancy
  6877 | D:3      | Noticed a scorpion
  6901 | D:3      | Killed a scorpion
  6902 | D:3      | Reached XP level 5. HP: 18/28 MP: 3/13
  7395 | D:3      | Gained mutation: You are weak. (Str -2) [potion of
                  | mutation]
  7432 | D:3      | Learned a level 4 spell: Animate Dead
  7499 | D:4      | You fall into a shaft and drop 2 floors!
  7532 | D:6      | Reached skill level 8 in Necromancy
  7647 | D:6      | Reached skill level 1 in Fighting
  7647 | D:6      | Reached XP level 6. HP: 33/34 MP: 7/14
  7709 | D:5      | Entered Level 5 of the Dungeon
  8696 | D:6      | Reached skill level 9 in Necromancy
  8716 | D:6      | Reached XP level 7. HP: 39/39 MP: 11/16
  8870 | D:5      | Reached skill level 5 in Spellcasting
  8996 | D:5      | Noticed Prince Ribbit
  9829 | D:5      | Killed Prince Ribbit
  9830 | D:5      | Reached skill level 10 in Necromancy
  9830 | D:5      | Reached XP level 8. HP: 44/44 MP: 4/19
 10188 | D:4      | Learned a level 1 spell: Shock
 10341 | D:4      | Found a staircase to the Ecumenical Temple.
 10362 | Temple   | Entered the Ecumenical Temple
 10400 | Temple   | Became a worshipper of Vehumet
 10560 | D:4      | Reached skill level 11 in Necromancy
 10746 | D:4      | Reached skill level 1 in Air Magic
 11153 | D:4      | Found a basalt altar of Yredelemnul.
 11820 | D:6      | Noticed a hornet
 11824 | D:6      | Killed a hornet
 11833 | D:6      | Found an ancient bone altar of Kikubaaqudgha.
 11833 | D:6      | Found a snail-covered altar of Cheibriados.
 12488 | D:6      | Reached skill level 12 in Necromancy
 12601 | D:6      | Learned a level 3 spell: Swiftness
 13127 | D:7      | Reached XP level 9. HP: 48/48 MP: 14/22
 13229 | D:7      | Noticed a purple ugly thing
 13241 | D:7      | Killed a purple ugly thing
 13373 | D:7      | Reached skill level 13 in Necromancy
 13594 | D:7      | Reached * piety under Vehumet
 13594 | D:7      | Offered knowledge of Freeze by Vehumet.
 13778 | D:7      | Found Ihaliumn's Elemental Accessories.
 13902 | D:8      | Reached skill level 5 in Air Magic
 14041 | D:8      | Learned a level 2 spell: Poisonous Vapours
 14348 | D:8      | Noticed Gastronok
 14353 | D:8      | Noticed Psyche
 14382 | D:8      | Killed Psyche
 14383 | D:8      | Reached skill level 14 in Necromancy
 14383 | D:8      | Reached skill level 1 in Poison Magic
 14424 | D:8      | Killed Gastronok
 14425 | D:8      | Reached XP level 10. HP: 44/53 MP: 5/24
 14485 | D:8      | Learned a level 4 spell: Airstrike
 14585 | D:8      | Found Xaeschase's Jewellery Boutique.
 14917 | D:8      | Noticed an eight-headed hydra
 14921 | D:8      | Your ally Gastronok died
 14983 | D:8      | Slain by an eight-headed hydra

Illustrated notes

Levels and vault maps discovered:
D:1:      dpeg_arrival_chambers_temple_mockup, layout_loops_ring,
          shapermc_ecumenical_altar_totnotflames, item_on_display_a
D:2:      layout_loops_corners, basic_altar, uniq_robin
D:3:      layout_basic, minmay_shallow_snake_nest
D:4:      layout_layer_cave, mainiacjoe_overflow_surrounded_room,
          minmay_temple_entry_large_hall
D:5:      layout_basic, uniq_prince_ribbit1
D:6:      layout_loops_ring, nicolae_overflow_hidden_temple
D:7:      layout_rooms, nicolae_elemental_shop, kb_rosetta
D:8:      layout_basic, serial_shops, nicolae_shop_advertising_works
          [nicolae_subvault_shop_adworks], nicolae_shop_overgrown_old_shop,
          uniq_psyche, uniq_gastronok
Temple:   hellmonk_temple_of_storms

Skill      XL: |  1  2  3  4  5  6  7  8  9 10 |
---------------+-------------------------------+-----
Necromancy     | 5 6 7 8 9 10 12 14 | 14.7
Spellcasting   | 4 6 7 8 9 |  9.0
Fighting       | 1 2 |  2.0
Air Magic      | 3 5 |  5.1
Poison Magic   | 3 |  3.1
Dodging        | |  2.4
Stealth        | |  2.4

Action                   |  1- 3 |  4- 6 |  7- 9 | 10-12 || total
-------------------------+-------+-------+-------+-------++-------
Melee: Dagger            |     1 |    68 |    34 |       ||   103
       Staff             |     1 |    12 |       |       ||    13
       Punch             |       |     1 |     2 |       ||     3
 Cast: Necrotise         |    68 |    60 |    97 |     2 ||   227
       Vampiric Draining |       |     7 |    57 |       ||    64
       Animate Dead      |       |     2 |    13 |     1 ||    16
       Shock             |       |       |    11 |     2 ||    13
       Poisonous Vapours |       |       |    19 |       ||    19
       Swiftness         |       |       |       |     1 ||     1
       Airstrike         |       |       |       |     1 ||     1
Evoke: Wand              |       |       |     9 |       ||     9
  Use: Scroll            |     2 |     8 |    11 |     1 ||    22
       Potion            |     2 |     5 |     1 |     1 ||     9
Armor: Robe              |     5 |    20 |    34 |     7 ||    66
       Skin              |       |    25 |       |       ||    25
Dodge: Dodged            |     9 |    34 |    48 |     6 ||    97
Block: Kite shield       |       |     9 |       |       ||     9
